 Dungeon Crawl Stone Soup version 0.29.1-15-g9cfb28693d (webtiles) character file.

Game seed: 12547605728397543592

445 hawla the Firebug (level 7, -6/55 HPs)
             Began as a Meteoran Fire Elementalist on Apr 25, 2023.
             Killed from afar by Pikel (11 damage)
             ... with a bolt of acid
             ... on level 4 of the Dungeon.
             The game lasted 00:07:07 (1359 turns).

hawla the Firebug (Meteoran Fire Elementalist)      Turns: 1359, Time: 00:07:08

Health: -6/55      AC:  2    Str: 10    XL:     7   Next: 48%
Magic:  8/14       EV: 13    Int: 18    God:
Gold:   93         SH:  0    Dex: 15    Spells: 8/15 levels left

rFire   . . .      SeeInvis .   h - staff of conjuration
rCold   . . .      Faith    .   (no shield)
rNeg    . . .      Spirit   .   j - +1 robe of the Witching Gods {Will+}
rPois   .          Reflect  .   (no helmet)
rElec   .          Harm     .   (no cloak)
rCorr   .          Rampage  .   (no gloves)
Will    +....      Rnd*Tele +   (no boots)
Stlth   +.........              (no amulet)
HPRegen 0.18/turn               (no ring)
MPRegen 0.14/turn               (no ring)

@: glowing
A: sense surroundings 1, otherworldly, glowing, explore regen, deformed body,
robust 1, teleportitis 1
a: no special abilities


You were on level 4 of the Dungeon.
You visited 1 branch of the dungeon, and saw 5 of its levels.

You collected 93 gold pieces.

Inventory:

Armour
 j - the +1 robe of the Witching Gods (worn) {Will+}
   (You found it on level 3 of the Dungeon)

   Will:      It increases your willpower.
Magical Staves
 h - a staff of conjuration (weapon)
Wands
 e - a wand of polymorph (7)
Potions
 b - 2 potions of magic
 c - a potion of attraction
 i - a potion of curing
 l - 3 potions of haste {unknown}


   Skills:
 + Level 0.2 Fighting
 + Level 0.5 Staves
 + Level 2.8 Dodging
 - Level 1.4 Stealth
 + Level 4.6 Spellcasting
 + Level 4.6 Conjurations
 + Level 5.7 Fire Magic
 + Level 3.0 Evocations


You had 8 spell levels left.
You knew the following spells:

 Your Spells              Type           Power      Damage    Failure   Level
a - Foxfire               Conj/Fire      100%       2x1d9     1%          1
b - Scorch                Fire           48%        2d7       1%          2
c - Flame Wave            Conj/Fire      34%        2d10      16%         4

Your spell library contained the following spells:

 Spells                   Type           Power      Damage    Failure   Level
 Conjure Flame            Conj/Fire      34%        6-21      4%          3
 Inner Flame              Hex/Fire       14%        N/A       13%         3


Dungeon Overview and Level Annotations

Branches:
Dungeon (5/15) Zot: 1636
 Temple: D:4-7

Altars:
Makhleb
Qazlal
Ru
The Shining One

Annotations:
D:4 Pikel
D:5 1 runed translucent door, Taurus's ghost, novice MiFi


Innate Abilities, Weirdness & Mutations

You passively map a small area around you.
You are easily found by Zot.
You glow in the dark.
You regain HP and MP as you explore.
Armour fits poorly on your strangely shaped body.
You are robust. (+10% HP)
You are occasionally teleported next to monsters.


Message History

The flame wave engulfs the centaur.
The centaur is moderately wounded.
The flame wave engulfs the lemure!
The lemure is heavily wounded.
The flame wave engulfs Pikel but does no damage. (Press . to intensify the flame waves.)
The centaur barely misses you. The centaur closely misses you.
The lemure hits you but does no damage. Pikel closely misses you.
The centaur hits you. The centaur completely misses you.
A wave of flame ripples out!
The flame wave engulfs the centaur.
The centaur is moderately wounded.
The flame wave engulfs the lemure!
The lemure is almost dead.
The flame wave engulfs Pikel.
Pikel resists.
Pikel is lightly wounded.
The centaur hits you but does no damage.
The centaur kicks you but does no damage.
The lemure hits you but does no damage. Pikel completely misses you.
A wave of flame ripples out!
The flame wave engulfs the centaur!
The centaur is almost dead.
The flame wave engulfs the lemure!!
You kill the lemure!
That felt strangely unrewarding.
The flame wave engulfs Pikel.
Pikel resists.
Pikel is lightly wounded.
You finish channelling waves of flame.
The centaur hits you but does no damage.
The centaur kicks you.
* * * LOW HITPOINT WARNING * * *
Pikel hits you with a +1 whip of freezing.
* * * LOW HITPOINT WARNING * * *
Pikel freezes you.
* * * LOW HITPOINT WARNING * * *
The centaur hits you.
* * * LOW HITPOINT WARNING * * *
The centaur kicks you.
* * * LOW HITPOINT WARNING * * *
You feel better. The centaur hits you.
* * * LOW HITPOINT WARNING * * *
The centaur misses you.
Pikel zaps a wand.
The bolt of acid hits you!
You die...

..# #....# #.#.######## ###
#.#..# #.#.#.....##
#.#..####.#.#.###.#.
##############.#..#......#.# #.#.
..................#.##.###.# #.†.
##############.#..#.##.....######
#.........# #.##.#....###.....#
#.#######.###.##.####.#.#.###.#
#.#...........c@......(...# #.#
#....##..<###.#.K####.#######.#
####......#.#.#.....#.......#.#
##.(##.#.....###.#######.#.#
#.....#.#.### #.#....##...#
##....#.#...###.#.#########
####.#.###.#.....#
#.#.#.#...#####.#
#...#.#.#######.#


You could see Pikel and a centaur.

Vanquished Creatures
  A water moccasin (D:5)
  A black bear (D:4)
  A phantom (D:5)
  A lemure (D:4)
  A jelly (D:4)
  A hound (D:4)
  2 iguanas
  4 adders
  A white imp (D:4)
  3 ball pythons
  5 endoplasms
  A hobgoblin (D:3)
  3 quokkas
  2 bats
  3 frilled lizards
  A rat (D:2)
31 creatures vanquished.

Vanquished Creatures (others)
  61 foxfires
61 creatures vanquished.

Grand Total: 92 creatures vanquished

Notes
Turn   | Place    | Note
-------+----------+-------------------------------------------
     0 | D:1      | hawla the Meteoran Fire Elementalist began the quest for
                  | the Orb.
     0 | D:1      | Reached XP level 1. HP: 14/14 MP: 5/5
    82 | D:2      | Reached XP level 2. HP: 20/20 MP: 2/7
   172 | D:3      | Identified the +1 robe of the Witching Gods {Will+}
   251 | D:3      | Found a sacrificial altar of Ru.
   384 | D:4      | Reached XP level 3. HP: 26/26 MP: 5/8
   387 | D:4      | Learned a level 2 spell: Scorch
   549 | D:4      | Noticed a black bear
   553 | D:4      | Killed a black bear
   554 | D:4      | Reached skill level 4 in Fire Magic
   554 | D:4      | Reached XP level 4. HP: 33/33 MP: 5/10
   554 | D:4      | Reached XP level 5. HP: 38/38 MP: 5/11
   570 | D:4      | Learned a level 4 spell: Flame Wave
   664 | D:4      | Reached XP level 6. HP: 45/45 MP: 6/12
  1099 | D:5      | Entered Level 5 of the Dungeon
  1099 | D:5      | Noticed a water moccasin
  1103 | D:5      | Reached skill level 5 in Fire Magic
  1104 | D:5      | Killed a water moccasin
  1105 | D:5      | Reached XP level 7. HP: 43/50 MP: 4/14
  1133 | D:5      | Found a stormy altar of Qazlal.
  1136 | D:5      | Found a glowing golden altar of the Shining One.
  1139 | D:5      | Found a burning altar of Makhleb.
  1164 | D:5      | Found a runed translucent door.
  1172 | D:5      | Noticed Taurus's ghost (novice MiFi)
  1179 | D:5      | Noticed Pikel
  1184 | D:5      | Gained mutation: You do not regenerate when monsters are
                  | visible. [potion of mutation]
  1185 | D:5      | Lost mutation: You do not regenerate when monsters are
                  | visible. [potion of mutation]
  1185 | D:5      | Gained mutation: You are occasionally teleported next to
                  | monsters. [potion of mutation]
  1185 | D:5      | Gained mutation: Armour fits poorly on your strangely
                  | shaped body. [potion of mutation]
  1185 | D:5      | Gained mutation: You are robust. (+10% HP) [potion of
                  | mutation]
  1185 | D:5      | HP: 2/55 [centaur/arrow (4)]
  1358 | D:4      | HP: 1/55 [centaur (3)]
  1359 | D:4      | Killed from afar by Pikel

Illustrated notes

Levels and vault maps discovered:
D:1:      dpeg_arrival_solitude, layout_basic
D:2:      layout_rooms, shapermc_ecumenical_altar_mp_vishouse,
          uniq_crazy_yiuf_cottage
D:3:      layout_loops_corners, mainiacjoe_overflow_cross_hatched
D:4:      layout_basic
D:5:      layout_basic, grunt_temple_overflow_diamond, ebering_ghost_sewer_f,
          uniq_pikel

Skill      XL: |  1  2  3  4  5  6 |
---------------+-------------------+-----
Spellcasting   | 3 4 |  4.6
Conjurations   | 2 3 4 |  4.6
Evocations     | 3 |  3.0
Fire Magic     | 4 5 |  5.7
Fighting       | |  0.2
Staves         | |  0.5
Dodging        | |  2.8
Stealth        | |  1.4

Action                   |  1- 3 |  4- 6 |  7- 9 || total
-------------------------+-------+-------+-------++-------
Melee: Staff             |     7 |    11 |       ||    18
       Punch             |     1 |       |       ||     1
 Cast: Foxfire           |    19 |     7 |    10 ||    36
       Scorch            |     3 |    11 |     2 ||    16
       Flame Wave        |       |       |     1 ||     1
  Use: Scroll            |       |       |     8 ||     8
       Potion            |       |       |     3 ||     3
Armor: Robe              |     4 |     4 |     5 ||    13
Dodge: Dodged            |     4 |     8 |    11 ||    23
